 Dungeon Crawl Stone Soup version 0.23-a0-344-ge122d05 (webtiles) character file.

31 GizzardofKazz the Conjurer (level 2, 0/20 HPs)
             Began as a Demigod Conjurer on Oct 19, 2018.
             Slain by a hobgoblin
             ... wielding a +0 club
              (5 damage)
             ... on level 2 of the Dungeon.
             The game lasted 00:04:08 (1203 turns).

GizzardofKazz the Conjurer (Demigod Conjurer)       Turns: 1203, Time: 00:04:08

Health: 0/20       AC:  2    Str: 11    XL:     2   Next: 90%
Magic:  7/7        EV: 12    Int: 19    God:
Gold:   52         SH:  0    Dex: 16    Spells: 4/5 levels left

rFire    . . .     SeeInvis .   m - +1 hand axe (venom)
rCold    . . .     Gourm    .   (no shield)
rNeg     . . .     Faith    .   a - +0 robe
rPois    .         Spirit   .   (no helmet)
rElec    .         Reflect  .   (no cloak)
rCorr    .         Harm     .   (no gloves)
MR       .....                  (no boots)
Stlth    +++.......             (no amulet)
HPRegen  0.06/turn              h - ring of stealth
MPRegen  0.10/turn              (no ring)

@: no status effects
A: high mp 1
a: no special abilities


You were on level 2 of the Dungeon.
You were very hungry.

You visited 1 branch of the dungeon, and saw 2 of its levels.

You collected 52 gold pieces.

Inventory:

Hand Weapons
 m - a +1 hand axe of venom (weapon)
Armour
 a - a +0 robe (worn)
Jewellery
 h - a ring of stealth (left hand)
Scrolls
 b - 3 scrolls of remove curse {unknown}
 e - a scroll of amnesia {unknown}
 f - 2 scrolls of teleportation {unknown}
 g - a scroll of identify {unknown}
 l - a scroll of noise {unknown}
Potions
 d - a potion of curing {unknown}
 i - a potion of brilliance {unknown}
 j - a potion of magic {unknown}
 k - a potion of agility {unknown}
Comestibles
 c - 2 rations


   Skills:
 - Level 1.7 Dodging
 - Level 1.7 Stealth
 + Level 2.0 Spellcasting
 + Level 4.4 Conjurations


You had 4 spell levels left.
You knew the following spells:

 Your Spells              Type           Power        Failure   Level  Hunger
a - Magic Dart            Conj           ###.         2%          1    #......

Your spell library contained the following spells:

 Spells                   Type           Power        Failure   Level  Hunger
 Searing Ray              Conj           ###...       4%          2    ###....
 Dazzling Spray           Conj/Hex       ##....       21%         3    ###....
 Iskenderun's Mystic Bla  Conj           ###.....     26%         4    #####..
 Force Lance              Conj/Tloc      ##......     56%         4    #####..
 Fulminant Prism          Conj/Hex       ##........   56%         4    #####..


Dungeon Overview and Level Annotations

Branches:
Dungeon (2/15)


Innate Abilities, Weirdness & Mutations

You have an increased reservoir of magic. (+10% MP)


Message History

The hobgoblin hits you but does no damage.
The hobgoblin hits you with a +0 club. The hobgoblin closely misses you.
The hobgoblin barely misses you. The hobgoblin hits you with a +0 club.
The hobgoblin completely misses you. The hobgoblin hits you with a +0 club.
The hobgoblin hits you with a +0 club. The hobgoblin closely misses you.
The hobgoblin misses you. The hobgoblin closely misses you.
The hobgoblin barely misses you. The hobgoblin barely misses you.
The hobgoblin misses you.
The hobgoblin hits you but does no damage.
The hobgoblin hits you with a +0 club.
* * * LOW HITPOINT WARNING * * *
The hobgoblin hits you but does no damage.
The hobgoblin hits you with a +0 club.
You die...

..$ ... # ... ..
#.# ###. #.# ...
#.#
#.#######.####.#
#.........@....#
#....#
#....#####g###.#
#....# #....#
#.# #.# #....#
#...## #.###.#
#....# #...# #..
... +....# #...#
### #.# #....#
#.#####...##
#######.###....#
#..........#
#.........'..<.#
#######....#
#.#####.###....#


You could see a hobgoblin.

Vanquished Creatures
  An adder (D:2)
  A leopard gecko (D:1)
  4 bats (D:1)
  A giant cockroach (D:1)
  3 goblins
  A hobgoblin (D:1)
  5 kobolds (D:1)
  2 frilled lizards (D:1)
  3 rats (D:1)
21 creatures vanquished.

Notes
Turn   | Place    | Note
-------+----------+-------------------------------------------
     0 | D:1      | GizzardofKazz the Demigod Conjurer began the quest for the
                  | Orb.
     0 | D:1      | Reached XP level 1. HP: 14/14 MP: 5/5
   220 | D:1      | Reached skill level 4 in Conjurations
   287 | D:1      | Reached XP level 2. HP: 20/20 MP: 2/7
   352 | D:1      | HP: 1/20 [bat (1)]
  1203 | D:2      | Slain by a hobgoblin

Vault maps used:
D:1:      matt_arrival_grand_opening, minmay_pentomino_v4
D:2:      gammafunk_temple_overflow_forgotten, minmay_misc_feat_alley,
          uniq_robin, uniq_jessica, uniq_natasha

Skill      XL: |  1  2 |
---------------+-------+-----
Conjurations   | 4 |  4.4
Spellcasting   | 2 |  2.0
Dodging        | |  1.7
Stealth        | |  1.7

Action                   || total
-------------------------++-------
Melee: Club              ||     4
       Unarmed           ||     4
       Hand axe          ||     2
 Cast: Magic Dart        ||    33
 Stab: Sleeping          ||     1
Armor: Robe              ||     9
Dodge: Dodged            ||    26

Table legend:
 A = Non-vault XP
 B = Vault XP
 C = Vault XP percentage of total XP
 D = Non-vault monster count
 E = Vault monster count
 F = Vault count percentage of total count
                 A         B        C        D         E       F
            +---------+---------+-------+---------+---------+-------
      Total |      38 |       7 |  15.6 |      17 |       4 |  19.0
            +---------+---------+-------+---------+---------+-------
        D:1 |      22 |       7 |  24.1 |      15 |       4 |  21.1
        D:2 |      16 |       0 |   0.0 |       2 |       0 |   0.0
            +---------+---------+-------+---------+---------+-------
